AoeStats
← tavoo

Arabia

507934999Analyzed
1v1 RM · 13d ago on Sep 20, 2026· 26m 2s· 2 players
Game mode
Random Map
Map size
Tiny (2 player)
Population
200
Speed
Normal
Resources
Standard
Victory
Conquest
Starting age
Dark Age
Ending age
Imperial Age
RankedLock teamsTeams togetherTeam positionsShared explorationLock speedFull tech treeHidden civsTurbo modeCheats
Victory
Defeat
🇲🇽 Gurjaras · Mexico
1361
+18
🇦🇷 Turks · Argentina
1413
-18
tavoo
5:10 Loom
9:33 Feudal Age
10:11 Double-Bit Axe
20:41 Castle Age
21:26 Husbandry
23:48 Wheelbarrow
24:06 Bloodlines
24:08 Scale Barding Armor
24:39 Horse Collar
25:29 Elite Skirmisher
Marta
5:47 Loom
8:13 Feudal Age
9:15 Double-Bit Axe
9:14 Horse Collar
18:54 Gold Mining
21:46 Castle Age
20:13 Fletching
20:35 Bloodlines
21:01 Padded Archer Armor
22:27 Bodkin Arrow
22:58 Bow Saw
23:37 Wheelbarrow
24:39 Ballistics
Connection lost

Rejoining the realm…

Still unreachable

The connection could not be restored.

Session expired

The server has moved on; the page needs a fresh start.